 Dungeon Crawl Stone Soup version 0.31-a0-876-gfe8ebadbca (webtiles) character file.

Game seed: 8922301652422549792

17147 CowFu the Grappler (level 12, -5/118 HPs)
             Began as a Troll Fighter on Oct 14, 2023.
             Was the Champion of Dithmenos.
             Killed from afar by Jorgrun (50 damage)
             ... with an iron shot
             ... on level 12 of the Dungeon.
             The game lasted 00:15:04 (9827 turns).

CowFu the Grappler (Troll Fighter)                  Turns: 9827, Time: 00:15:05

Health: -5/118     AC: 14    Str: 31    XL:     12   Next: 16%
Magic:  11/11      EV:  6    Int:  4    God:    Dithmenos [******]
Gold:   1376       SH: 13    Dex:  9    Spells: 11/11 levels left

rFire   . .          .
                       - Unarmed
rCold   . . .        C - +0 tower shield
rNeg    . . .        I - +0 acid dragon scales
rPois   .            (helmet restricted)
rElec   .            x - +1 cloak
rCorr   +            (gloves unavailable)
SInv    .            (boots unavailable)
Will    .....        k - amulet of faith
Stlth   +            g - ring of wizardry
HPRegen 1.19/turn    n - +4 ring of protection
MPRegen 0.12/turn

%: faith, wizardry (x1)
@: grasped by roots, wreathed by umbra, constricted
A: large, unfitting armour, claws 3, regeneration 1, shaggy fur 1, tough skin 1
a: Renounce Religion, Shadow Step, Shadow Form


You were on level 12 of the Dungeon.
You worshipped Dithmenos.
Dithmenos was exalted by your worship.
You visited 1 branch of the dungeon, and saw 12 of its levels.
You also visited: Bailey.

You collected 1376 gold pieces.

Inventory:

Hand Weapons
 b - a +0 dagger
 h - a +0 mace
Missiles
 A - 8 throwing nets
 G - 2 large rocks (quivered)
Armour
 u - a +1 robe of cold resistance
 x - a +1 cloak (worn)
 C - a +0 tower shield (worn)
 H - a +0 troll leather armour
 I - +0 acid dragon scales (worn)
Jewellery
 a - a +6 ring of intelligence
 g - a ring of wizardry (left claw)
 k - an amulet of faith (around neck)
 n - a +4 ring of protection (right claw)
 t - a ring of wizardry
 F - a +6 ring of intelligence
Wands
 p - a wand of acid (14)
 v - a wand of roots (28)
 y - a wand of polymorph (25)
Scrolls
 c - a scroll of blinking
 d - 3 scrolls of teleportation
 f - 4 scrolls of fog
 i - a scroll of enchant armour
 m - a scroll of revelation
 r - 4 scrolls of immolation
 z - 5 scrolls of identify
 B - a scroll of noise {unknown}
 E - a scroll of silence {unknown}
Potions
 e - a potion of mutation
 j - 3 potions of heal wounds
 l - 5 potions of curing
 o - a potion of might
 q - 5 potions of haste
 s - a potion of attraction {unknown}
 w - a potion of resistance {unknown}
 D - 2 potions of lignification {unknown}
 J - a potion of enlightenment {unknown}


   Skills:
 + Level 7.1 Fighting
 + Level 7.1 Dodging
 + Level 7.8 Shields
 + Level 12.6 Unarmed Combat
 + Level 5.9 Evocations


You had 11 spell levels left.
You didn't know any spells.
Your spell library contained the following spells:

 Spells                   Type           Power      Damage    Failure   Level
 Magic Dart               Conj           0%         1d3       61%         1
 Ensorcelled Hibernation  Hex/Ice        0%         N/A       75%         2
 Jinxbite                 Hex            0%         N/A       75%         2
 Searing Ray              Conj           0%         2d4       75%         2
 Sublimation of Blood     Necr           0%         N/A       75%         2
 Wereblood                Tmut           0%         N/A       75%         2
 Inner Flame              Hex/Fire       0%         N/A       92%         3
 Anguish                  Hex/Necr       0%         N/A       100%        4
 Animate Armour           Summ/Erth      0%         N/A       100%        4
 Fulminant Prism          Conj/Hex       0%         3d5       100%        4
 Petrify                  Tmut/Erth      0%         N/A       100%        4
 Alistair's Intoxication  Tmut/Pois      0%         N/A       100%        5
 Iskenderun's Battlesphe  Conj           0%         2d6       100%        5
 Yara's Violent Unravell  Hex/Tmut       0%         3d3       100%        5
 Bombard                  Conj/Erth      0%         9d1       100%        6
 Enfeeble                 Hex            0%         N/A       100%        7
 Haunt                    Necr/Summ      0%         N/A       100%        7
 Spellforged Servitor     Conj/Summ      0%         N/A       100%        7
 Summon Hydra             Summ           0%         N/A       100%        7
 Borgnjor's Revivificati  Necr           0%         N/A       100%        8
 Death's Door             Necr           0%         N/A       100%        9


Dungeon Overview and Level Annotations

Branches:
Dungeon (12/15)            Temple (0/1) D:7            Lair (0/5) D:10
    Orc (0/2) D:10         Bailey (visited)

Altars:
Cheibriados
Dithmenos
Gozag
Hepliaklqana
Okawaru
Yredelemnul

Shops:
D:7 [   D:8 (   D:12 **

Portals:
Trove: D:10 (give fire dragon scales "Icrun")

Annotations:
D:12 3 runed translucent doors, exclusion: obsidian statue, Jorgrun; perezv8180's ghost, journeyman TrSh


Innate Abilities, Weirdness & Mutations

You are too large for most types of armour.
You have claws for hands.
Your natural rate of healing is unusually fast.
You are covered in fur. (AC +1)
You have tough skin. (AC +1)


Message History

You hear a grinding noise.
Jorgrun is nearby!
Jorgrun is nearby!
Jorgrun gestures next to you while chanting.
The wall shatters!
The blast of rock fragments hits you but does no damage.
You hear a shout! x2; You hear two shouts!
Jorgrun is nearby!
An orc priest comes into view. It is wielding a +0 club.
The orc priest shouts!
Jorgrun mutters some incantations to himself.
You block Jorgrun's attack.
You closely miss Jorgrun. Your shadow hits Jorgrun.
The orc priest miscasts a cantrip.
Jorgrun casts a spell next to you.
The wall shatters!
The blast of rock fragments hits you!!
You miss Jorgrun.
Jorgrun is lightly wounded.
An orc comes into view. It is wielding a +0 hand axe.
Jorgrun casts a spell next to you.
The wall shatters!
The blast of rock fragments hits you!!
You mangle Jorgrun!!
Jorgrun is moderately wounded.
Jorgrun hits you with a staff of earth. Jorgrun shatters you.
You scratch Jorgrun but do no damage.
Jorgrun is moderately wounded.
Jorgrun points at you and mumbles some strange words.
Roots burst forth from the earth!
The grasping roots grab you! The grasping roots constrict you!
You are too injured to fight recklessly!
You closely miss Jorgrun.
Jorgrun is moderately wounded.
Your shadow barely misses Jorgrun.
You block Jorgrun's attack. The grasping roots constrict you.
You scratch Jorgrun but do no damage.
Jorgrun is moderately wounded.
Your shadow barely misses Jorgrun.
Jorgrun gestures at you while chanting. The iron shot hits you!!!
You die...

#.......# #.# #...
#.......# #.# #...
#.......# #.# #...
#.......######.#
#...
#.....>........#
#...
#.......#####..#
#.## #.:.....# #.#
#.# #.......#
#.######.#
#.....!@#
#........#
#######g#
#.######.# #o. #.#
#.# #o## #.# #.#
#.# #.# #.#
#.######.######.#
#...............##
..######..........
#........##


You could see Jorgrun, an orc priest and an orc.

Vanquished Creatures
  Snorg (D:10)
  Harold (D:9)
  A boulder beetle (D:12)
  2 two-headed ogres
  An oklob plant (D:10)
  2 ugly things (D:12)
  A cyclops (D:12)
  Jeremiah (D:6)
  An unseen horror (D:10)
  4 kobold demonologists
  2 trolls
  Grinder (D:5)
  2 shadows
  3 slime creatures (D:12)
  A wyvern (D:10)
  16 yaks
  4 wraiths
  3 steam dragons
  2 humans (D:8)
  3 vampire mosquitoes (D:11)
  2 acid dragons
  2 water moccasins
  A swamp drake (D:10)
  A sky beast (D:8)
  5 orc warriors
  3 ice beasts
  A black bear (D:6)
  A centaur (D:10)
  7 wolves (Bailey)
  2 phantoms
  3 kobold brigands
  6 bullfrogs
  13 gnoll sergeants
  A scorpion (D:6)
  7 killer bees
  4 electric eels
  2 howler monkeys
  A jelly (D:5)
  6 hounds
  3 orc priests (D:10)
  2 sleepcaps
  7 gnoll boudas
  7 orc wizards
  35 gnolls
  13 adders
  3 shadow imps
  3 white imps
  2 ufetubi (D:6)
  2 worms
  4 dart slugs
  32 orcs
  7 ball pythons
  8 endoplasms
  3 giant cockroaches
  8 goblins
  10 hobgoblins
  5 jackals
  3 quokkas
  4 bats
  A frilled lizard (D:1)
  16 kobolds
  7 rats
305 creatures vanquished.

Vanquished Creatures (others)
  An ufetubus (D:7)
  An orc (D:10)
2 creatures vanquished.

Grand Total: 307 creatures vanquished

Notes
Turn   | Place    | Note
-------+----------+-------------------------------------------
     0 | D:1      | CowFu the Troll Fighter began the quest for the Orb.
     0 | D:1      | Reached XP level 1. HP: 22/22 MP: 0/0
    78 | D:1      | Reached XP level 2. HP: 29/29 MP: 1/1
    86 | D:1      | Found a faded altar of an unknown god.
   120 | D:1      | Prayed at the altar of an unknown god.
   120 | D:1      | Became a worshipper of Dithmenos the Shadowed
   120 | D:1      | Reached * piety under Dithmenos
   162 | D:1      | Reached skill level 3 in Unarmed Combat
   597 | D:2      | Reached XP level 3. HP: 36/36 MP: 2/2
   815 | D:2      | Reached skill level 4 in Unarmed Combat
  1031 | D:2      | Reached ** piety under Dithmenos
  1045 | D:2      | Reached XP level 4. HP: 36/44 MP: 3/3
  1523 | D:3      | Found a snail-covered altar of Cheibriados.
  1601 | D:3      | Reached skill level 5 in Unarmed Combat
  1864 | D:4      | Reached XP level 5. HP: 45/50 MP: 4/4
  1947 | D:4      | Reached *** piety under Dithmenos
  2422 | D:5      | Entered Level 5 of the Dungeon
  2498 | D:5      | Noticed an ice beast
  2512 | D:5      | Killed an ice beast
  2513 | D:5      | Reached skill level 6 in Unarmed Combat
  2591 | D:5      | Noticed a water moccasin
  2595 | D:5      | Killed a water moccasin
  2596 | D:5      | Reached XP level 6. HP: 51/59 MP: 5/5
  2698 | D:5      | Reached skill level 7 in Unarmed Combat
  2821 | D:5      | Reached XP level 7. HP: 66/66 MP: 6/6
  3132 | D:6      | Noticed a steam dragon
  3148 | D:6      | Killed a steam dragon
  3149 | D:6      | Reached skill level 8 in Unarmed Combat
  3223 | D:6      | Reached skill level 9 in Unarmed Combat
  3278 | D:6      | Reached XP level 8. HP: 74/74 MP: 7/7
  3394 | D:6      | Noticed Grinder
  3395 | D:6      | Noticed Jeremiah
  3426 | D:5      | Killed Grinder
  3427 | D:5      | Reached skill level 10 in Unarmed Combat
  3478 | D:6      | Killed Jeremiah
  3479 | D:6      | Reached skill level 1 in Evocations
  3499 | D:6      | Reached **** piety under Dithmenos
  4311 | D:7      | Found a staircase to the Ecumenical Temple.
  4334 | D:7      | Reached XP level 9. HP: 80/83 MP: 8/8
  4382 | D:7      | Found Ziwodok's Armour Shop.
  4491 | D:7      | Found a hazy altar of Hepliaklqana.
  4675 | D:7      | Found a basalt altar of Yredelemnul.
  5051 | D:8      | Found Isiojem's Hydra Hut.
  5054 | D:8      | Noticed a seven-headed hydra
  5116 | D:8      | Found a flagged portal.
  5125 | Bailey   | Entered a bailey
  5368 | Bailey   | Reached ***** piety under Dithmenos
  5419 | Bailey   | Got a faded book
  5466 | Bailey   | Reached skill level 5 in Shields
  5472 | Bailey   | Reached skill level 11 in Unarmed Combat
  5486 | Bailey   | Reached XP level 10. HP: 45/94 MP: 9/9
  5884 | D:8      | Found an iron altar of Okawaru.
  6540 | D:9      | Noticed Harold
  6556 | D:9      | Killed Harold
  6557 | D:9      | Reached skill level 5 in Fighting
  6557 | D:9      | Reached skill level 5 in Dodging
  7027 | D:9      | Noticed a two-headed ogre
  7047 | D:9      | Killed a two-headed ogre
  7293 | D:10     | Entered Level 10 of the Dungeon
  7325 | D:10     | Reached XP level 11. HP: 105/105 MP: 10/10
  7568 | D:10     | Found a staircase to the Lair.
  7577 | D:10     | Noticed an oklob plant
  7591 | D:10     | Killed an oklob plant
  7783 | D:10     | Reached ****** piety under Dithmenos
  7839 | D:10     | Noticed Snorg
  7854 | D:10     | Killed Snorg
  7855 | D:10     | Reached skill level 12 in Unarmed Combat
  7855 | D:10     | Reached skill level 5 in Evocations
  8002 | D:10     | Found a shadowy altar of Dithmenos.
  8143 | D:10     | Found a staircase to the Orcish Mines.
  8269 | D:10     | Found a portal to a secret trove of treasure.
  8638 | D:11     | Noticed a two-headed ogre
  8645 | D:11     | Killed a two-headed ogre
  8700 | D:11     | Noticed a sixfirhy
  9265 | D:12     | Noticed a boulder beetle
  9276 | D:12     | Killed a boulder beetle
  9400 | D:12     | Identified the +7 war axe of Sin {heavy, Fly Dex+6}
  9484 | D:12     | Reached XP level 12. HP: 115/115 MP: 11/11
  9701 | D:12     | Found a runed translucent gate.
  9701 | D:12     | Found a runed translucent gate.
  9701 | D:12     | Found a runed translucent gate.
  9703 | D:12     | Found an opulent altar of Gozag.
  9703 | D:12     | Noticed a centaur warrior
  9704 | D:12     | Noticed a deep troll earth mage
  9704 | D:12     | Noticed perezv8180's ghost (journeyman TrSh)
  9705 | D:12     | Found Pyarhat's Assorted Antiques.
  9705 | D:12     | Noticed a sphinx
  9706 | D:12     | Found Winur's Assorted Antiques.
  9817 | D:12     | Noticed Jorgrun
  9827 | D:12     | Killed from afar by Jorgrun

Illustrated notes

Levels and vault maps discovered:
D:1:      saegor_arrival_under_anarchy, layout_rooms, serial_forest,
          infiniplex_forest_end_3, infiniplex_forest_lined_1,
          infiniplex_forest_clump_diagonal, infiniplex_forest_clump_tiny,
          infiniplex_forest_split, infiniplex_forest_straight_1,
          infiniplex_forest_end_1, shapermc_ecumenical_altar_venn
D:2:      layout_basic, roderic_lattice_a
D:3:      layout_rooms, mainiacjoe_overflow_cross_hatched
D:4:      layout_loops_ring
D:5:      layout_gridville
D:6:      minmay_skewed_foursquare, layout_cave_pods, minmay_circle_x,
          uniq_grinder, uniq_jeremiah
D:7:      layout_loops_ring, mainiacjoe_overflow_catch_the_wave,
          minmay_temple_entry_grid, serial_shops, shop,
          eino_small_chamber_without_monster
D:8:      layout_basic, okawaru_humans, enter_bailey_2, doesnt_shop_hydraphobe
D:9:      layout_roguey, st_stairs_9, uniq_harold
D:10:     layout_basic, grunt_dithmenos_shadows, dpeg_oklobed_lair, erik_orc_1,
          trove_entry_hex_spiral, uniq_snorg
D:11:     layout_roguey
D:12:     layout_small_grid, ebering_ghost_gozag, minivault_27, uniq_jorgrun

Skill      XL: |  1  2  3  4  5  6  7  8  9 10 11 12 |
---------------+-------------------------------------+-----
Unarmed Combat | 3 4 5 6 7 9 10 11 12 | 12.6
Shields        | 3 5 6 7 |  7.8
Fighting       | 3 4 5 6 7 |  7.1
Dodging        | 3 4 5 6 7 |  7.1
Evocations     | 1 3 4 5 |  5.9

Action                     |  1- 3 |  4- 6 |  7- 9 | 10-12 || total
---------------------------+-------+-------+-------+-------++-------
  Melee: Unarmed           |    87 |   110 |   296 |   472 ||   965
    Use: Scroll            |       |       |    11 |     3 ||    14
         Potion            |       |       |     5 |       ||     5
   Stab: Sleeping          |       |     1 |       |     2 ||     3
         Distracted        |       |       |     1 |       ||     1
 Armour: Robe              |    30 |    43 |   260 |   300 ||   633
         Troll leather arm |       |       |       |    13 ||    13
         Acid dragon scale |       |       |       |    13 ||    13
  Dodge: Dodged            |    23 |    22 |   183 |   143 ||   371
  Block: Kite shield       |    23 |    32 |   151 |    61 ||   267
         Tower shield      |       |       |       |   214 ||   214

Table legend: (Time is in decaauts)
 A = Elapsed time spent in this place.
 B = Non-inter-level travel time spent in this place.
 C = Inter-level travel time spent in this place.
 D = Time resting spent in this place.
 E = Time spent auto-exploring this place.
 F = Levels seen in this place.
 G = Mean time per level.
                   A        B        C        D        E       F      G
               +--------+--------+--------+--------+--------+-----+--------+
         Total |   9786 |   9536 |    250 |      0 |   7116 |  13 |  752.8 |
       Dungeon |   9310 |   9060 |    250 |      0 |   6944 |  12 |  775.8 |
        Bailey |    476 |    476 |      0 |      0 |    172 |   1 |  476.0 |
               +--------+--------+--------+--------+--------+-----+--------+

Top non-repeatable levels by time:
    D:10: 1122 daAuts
     D:6: 1063 daAuts
     D:8: 1030 daAuts
     D:2: 948 daAuts
     D:7: 781 daAuts
     D:9: 739 daAuts
    D:12: 739 daAuts
     D:5: 737 daAuts
    D:11: 669 daAuts
     D:4: 569 daAuts
     D:1: 520 daAuts
  Bailey: 476 daAuts
     D:3: 388 daAuts
